 Dungeon Crawl Stone Soup version 0.28.0 (webtiles) character file.

Game seed: 5948155667790048184

4 Spectrina the Ducker (level 1, 0/10 HPs)
             Began as a Felid Monk on Feb 6, 2022.
             Succumbed to an adder's poison
             ... on level 3 of the Dungeon.
             The game lasted 00:02:43 (228 turns).

Spectrina the Ducker (Felid Monk)                    Turns: 228, Time: 00:02:44

Health: 0/10       AC:  1    Str: 13    XL:     1   Next: 58%
Magic:  2/2        EV: 19    Int: 11    God:
Gold:   0          SH:  0    Dex: 18    Spells: 0/0 levels left
                                        Lives:  0   Deaths: 0

rFire   . . .      SeeInvis +     - Unarmed
rCold   . . .      Faith    .   (shield unavailable)
rNeg    . . .      Spirit   .   (armour unavailable)
rPois   .          Reflect  .   (helmet unavailable)
rElec   .          Harm     .   (cloak unavailable)
rCorr   .          Rampage  .   (gloves unavailable)
Will    .....                   (boots unavailable)
Stlth   ++........              (no amulet)
HPRegen 0.03/turn               b - +6 ring of strength
MPRegen 0.08/turn               (no ring)

@: lethally poisoned (0 -> -8), flying, quick
A: very small, claws 1, fangs 3, see invisible, speed 1, shaggy fur 1, stealthy
paws, no weapons or thrown items, no armour, multi-lived
a: no special abilities


You were on level 3 of the Dungeon.
You visited 1 branch of the dungeon, and saw 3 of its levels.

Inventory:

Jewellery
 b - a +6 ring of strength (left paw)
Potions
 c - a potion of heal wounds {unknown}


   Skills:
 - Level 3.0 Fighting
 - Level 4.0 Dodging
 - Level 2.6 Stealth
 + Level 3.3 Unarmed Combat
 + Level 0.0 Spellcasting


You couldn't memorise any spells.
You didn't know any spells.
Your spell library contained the following spells:

 Spells                   Type           Power      Damage    Failure   Level
 Foxfire                  Conj/Fire      0%         2x1d4     34%         1
 Conjure Flame            Conj/Fire      0%         6-21      71%         3
 Inner Flame              Hex/Fire       0%         N/A       71%         3
 Flame Wave               Conj/Fire      0%         2d4       98%         4


Dungeon Overview and Level Annotations

Branches:
Dungeon (3/15)

Altars:
Okawaru

Portals:
Sewer: D:3


Innate Abilities, Weirdness & Mutations

You have sharp claws.
You have razor-sharp teeth.
You have supernaturally acute eyesight. (SInv)
You cover ground quickly. (Speed+)
You are covered in fur. (AC +1)
Your paws help you pounce on unaware monsters.
You are incapable of wielding weapons or throwing items.
You cannot wear armour.
You gain extra lives every three experience levels.


Message History

There is an open door here.
There is an open door here.
You open the door.
There is an open door here.
Found a cyan potion.
An adder comes into view.
Found a mace, a falchion, a spear, 17 arrows and a hand axe.
Found an iron altar of Okawaru.
You see here a cyan potion.
c - a cyan potion You open the door.
An endoplasm comes into view.
You hear the slow rusting of a drain very nearby.
Found an escape hatch in the floor.
Found a fustibalus.
You see here a +0 fustibalus.
You open the door.
There is an open door here.
An adder comes into view.
You enter the shallow water.
Moving in this stuff is going to be slow.
Found a glowing drain.
You hear the slow rusting of a drain.
The adder hisses angrily.
Okay, then.
The adder closely misses you. The adder misses you.
You claw the adder!
The adder is severely wounded.
The adder completely misses you.
You closely miss the adder.
The adder is severely wounded.
The adder bites you.
* * * LOW HITPOINT WARNING * * *
You are lethally poisoned!
The adder poisons you!
Unknown command.
It was a potion of flight.
You feel very buoyant.
You fly up into the air.
You die...

############
#.).........
#.####....##
#.# #....#
#.# #....##
#.# #######
#######'##
##
#........#
#.
#@#########
##
#.S≈≈≈≈≈≈∩≈
#.
###########
## #. #.
#######.J#.
#........##
#.# #. #.#
#.##


You could see an adder.

Vanquished Creatures
  A ball python (D:1)
  A kobold (D:1)
  A bat (D:3)
  A frilled lizard (D:2)
  A rat (D:1)
5 creatures vanquished.

Notes
Turn   | Place    | Note
-------+----------+-------------------------------------------
     0 | D:1      | Spectrina the Felid Monk began the quest for the Orb.
     0 | D:1      | Reached XP level 1. HP: 10/10 MP: 2/2
   125 | D:3      | Found an iron altar of Okawaru.
   222 | D:3      | Found a glowing drain.
   228 | D:3      | Succumbed to an adder's poison

Illustrated notes

Levels and vault maps discovered:
D:1:      lemuel_arrival_lava_pool, layout_basic
D:2:      layout_loops_ring, cheibrodos_gnoll_hut
D:3:      layout_basic, okawaru_ov_weapons_minmay, serial_shops,
          nicolae_shop_bloodbath_and_beyond, nicolae_ecumenical_snake_handling,
          portal_sewer_entry_d, minmay_misc_feat_enclosed,
          minmay_misc_feat_alley

Action                   || total
-------------------------++-------
Melee: Unarmed           ||    15
  Use: Potion            ||     1
 Stab: Sleeping          ||     4
Dodge: Dodged            ||     8
